 Dungeon Crawl Stone Soup version 0.28.0-45-g0d030f2227 (webtiles) character file.

Game seed: 3086531928239370646

3 101zpm the Chiller (level 1, -2/14 HPs)
             Began as a Draconian Ice Elementalist on Apr 19, 2022.
             Slain by a hobgoblin (3 damage)
             ... on level 1 of the Dungeon.
             The game lasted 00:00:27 (50 turns).

101zpm the Chiller (Draconian Ice Elementalist)       Turns: 50, Time: 00:00:29

Health: -2/14      AC:  4    Str: 10    XL:     1   Next: 41%
Magic:  0/3        EV: 12    Int: 15    God:
Gold:   0          SH:  0    Dex: 11    Spells: 3/4 levels left

rFire   . . .      SeeInvis .   (no weapon)
rCold   . . .      Faith    .   (no shield)
rNeg    . . .      Spirit   .   (armour unavailable)
rPois   .          Reflect  .   (helmet restricted)
rElec   .          Harm     .   (no cloak)
rCorr   .          Rampage  .   (no gloves)
Will    .....                   (no boots)
Stlth   ++........              (no amulet)
HPRegen 0.04/turn               (no ring)
MPRegen 0.08/turn               (no ring)

@: slowed, very slow
A: AC +4, unfitting armour, cold-blooded
a: no special abilities


You were on level 1 of the Dungeon.
You visited 1 branch of the dungeon, and saw 1 of its levels.

Inventory:

Missiles
 a - 16 stones


   Skills:
 + Level 1.7 Dodging
 + Level 1.7 Stealth
 + Level 2.0 Spellcasting
 + Level 4.1 Ice Magic


You had 3 spell levels left.
You knew the following spells:

 Your Spells              Type           Power      Damage    Failure   Level
a - Freeze                Ice            56%        1d7       4%          1

Your spell library contained the following spells:

 Spells                   Type           Power      Damage    Failure   Level
 Frozen Ramparts          Ice            28%        1d4       12%         3
 Ozocubu's Armour         Ice            14%        N/A       12%         3
 Hailstorm                Conj/Ice       7%         3d4       67%         4


Dungeon Overview and Level Annotations

Branches:
Dungeon (1/15)

Altars:


Innate Abilities, Weirdness & Mutations

Your plain brown scales are hard. (AC +4)
You cannot fit into any form of body armour.
You are cold-blooded and may be slowed by cold attacks.


Message History

Aiming: Freeze (safe; 4% risk of failure)
Press: ? - help, Q - select action, (/) - cycle Shift-Dir - straight line, f/p - quokka
Aim: a quokka (severely wounded)
You freeze the quokka.
You kill the quokka!
Aiming: Freeze (safe; 4% risk of failure)
Press: ? - help, Q - select action, (/) - cycle Shift-Dir - straight line, f - kobold
Aim: a kobold, wielding a +0 dagger You freeze the kobold.
The kobold is severely wounded.
The goblin hits you with a +1 dagger of freezing.
The goblin freezes you. The kobold hits you with a +0 dagger.
You don't have enough magic to cast this spell.
You don't have enough magic to cast this spell.
Unknown command.
You don't have enough magic to cast this spell.
You don't have enough magic to cast this spell.
The ball python hisses angrily.
You hit the kobold.
You kill the kobold!
The goblin barely misses you.
You hit the goblin but do no damage. The goblin closely misses you. x2
You hit the goblin.
The goblin is severely wounded.
The goblin barely misses you. The goblin closely misses you.
You hit the goblin.
You kill the goblin!
The goblin misses you.
You hit the hobgoblin.
The hobgoblin is moderately wounded.
The goblin hits you with a +1 dagger of freezing.
The goblin freezes you. The hobgoblin barely misses you.
You hit the hobgoblin but do no damage.
The hobgoblin is moderately wounded.
The goblin hits you with a +1 dagger of freezing.
* * * LOW HITPOINT WARNING * * *
You feel yourself slow down. The goblin freezes you.
* * * LOW HITPOINT WARNING * * *
The hobgoblin hits you.
You die...

#..#
#+#..#>....g.g....#
#..#
##.###..........#
#..#
#...'..g#.....##
####
#####...#.#...#
###.#.#.### ###.#g#
# #.).#.# #g#...#
#@#...# #g#K....
#S##..##.. ... ...
# ... .#..
......#... .....
#####..


You could see a hobgoblin, a goblin and a ball python.

Vanquished Creatures
  A goblin (D:1)
  A quokka (D:1)
  A kobold (D:1)
3 creatures vanquished.

Notes
Turn   | Place    | Note
-------+----------+-------------------------------------------
     0 | D:1      | 101zpm the Draconian Ice Elementalist began the quest for
                  | the Orb.
     0 | D:1      | Reached XP level 1. HP: 14/14 MP: 3/3
    50 | D:1      | Slain by a hobgoblin

Illustrated notes

Levels and vault maps discovered:
D:1:      dpeg_arrival_short_road, layout_basic, serial_shops, shop,
          nicolae_shop_window_shopping, nicolae_shop_waterfront, shop,
          shapermc_ecumenical_altar_mp_vishouse, minmay_misc_feat_x

Action                   || total
-------------------------++-------
Melee: Unarmed           ||     6
 Cast: Freeze            ||     3
Dodge: Dodged            ||     8
